 Dungeon Crawl Stone Soup version 0.30-a0-137-gd8773701ce (webtiles) character file.

Game seed: 16400891525488397528

29275 Turgor the Summoner (level 13, -3/103 HPs)
             Began as a Merfolk Ice Elementalist on Sept 12, 2022.
             Was an Initiate of Gozag.
             Slain by a meliai
             ... wielding a +0 war axe
              (7 damage)
             ... on level 12 of the Dungeon on Sept 23, 2022.
             The game lasted 02:20:59 (18683 turns).

Turgor the Summoner (Merfolk Ice Elementalist)     Turns: 18683, Time: 02:20:59

Health: -3/103     AC: 11    Str: 10    XL:     13   Next: 44%
Magic:  26/26      EV: 15    Int: 21    God:    Gozag
Gold:   2390       SH:  0    Dex: 15    Spells: 1/31 levels left

rFire   . . .      SeeInvis .    C - +1 trident (vorpal)
rCold   . . .      Faith    .    (no shield)
rNeg    . . .      Spirit   .    Q - +2 leather armour {Will+}
rPois   +          Reflect  .    d - +2 helmet
rElec   .          Harm     .    v - +0 cloak
rCorr   .          Rampage  .    M - +1 pair of gloves
Will    +....      Archmagi +    (boots currently unavailable)
Stlth   +++.......               E - amulet of the acrobat
HPRegen 0.27/turn                G - ring of the Mage {Wiz Archmagi}
MPRegen 0.20/turn                W - ring of Reimbursement {rPois Int+4}

@: on berserk cooldown, slowed, studying Conjurations, quick
A: nimble swimmer 2, mertail
a: Renounce Religion, Potion Petition, Call Merchant, Bribe Branch


You were on level 12 of the Dungeon.
You worshipped Gozag.
Gozag was most pleased with you.
You visited 2 branches of the dungeon, and saw 13 of its levels.
You also visited: Sewer and Bailey.

You collected 3118 gold pieces.
You spent 663 gold pieces at shops.
You paid 65 gold pieces to Gozag.

Inventory:

Hand Weapons
 x - the +8 rapier "Grim Tooth" {freeze, *Rage MP+9 Int+6}
   (You found it on level 6 of the Dungeon)

   It freezes those it strikes, dealing additional cold damage.
   It can also slow down cold-blooded creatures.
   Int:       It affects your intelligence (+6).
   MP:        It affects your magic capacity (+9).
   *Rage:     It berserks you when you make melee attacks (+20% chance).
 C - a +1 vorpal trident (weapon)
Missiles
 r - 34 poisoned darts (quivered)
 H - a curare-tipped dart
 Y - 4 throwing nets
Armour
 a - a +2 robe of cold resistance
 d - a +2 helmet (worn)
 e - a +0 pair of boots of stealth (melded)
 v - a +0 cloak (worn)
 M - a +1 pair of gloves (worn)
 Q - a +2 leather armour of willpower (worn)
Jewellery
 E - an amulet of the acrobat (around neck)
 G - the ring of the Mage (left hand) {Wiz Archmagi}
   (You bought it in a shop on level 2 of the Dungeon)

   [ring of wizardry]

   It improves your spell success rate.
   Archmagi:  It increases the power of your magical spells.
 J - a ring of positive energy
 W - the ring of Reimbursement (right hand) {rPois Int+4}
   (You found it on level 9 of the Dungeon)

   [ring of poison resistance]

   Int:       It affects your intelligence (+4).
   rPois:     It protects you from poison.
Wands
 h - a wand of roots (9)
 y - a wand of polymorph (10)
 B - a wand of charming (6)
 Z - a wand of digging (4)
Scrolls
 g - 8 scrolls of teleportation
 i - 2 scrolls of blinking
 l - a scroll of vulnerability
 m - 2 scrolls of poison
 q - a scroll of magic mapping
 s - 6 scrolls of fog
 w - 2 scrolls of torment
 F - 2 scrolls of enchant armour
 I - a scroll of immolation
 P - a scroll of enchant weapon
 V - 2 scrolls of brand weapon {unknown}
 X - 3 scrolls of amnesia {unknown}
Potions
 b - a potion of magic
 f - 3 potions of mutation
 k - 3 potions of brilliance
 n - 8 potions of curing
 o - 4 potions of might
 p - a potion of attraction
 t - 5 potions of heal wounds
 u - 7 potions of haste
 A - 2 potions of flight
 D - 5 potions of ambrosia
 N - a potion of lignification
 O - a potion of cancellation
Miscellaneous
 z - a phantom mirror (inert)


   Skills:
 + Level 10.1 Fighting
 + Level 6.0 Polearms
 + Level 3.3 Armour
 - Level 2.6 Dodging
 - Level 2.1 Stealth
 + Level 9.6 Spellcasting
 - Level 6.0 Conjurations
 * Level 12.2 Summonings
 - Level 11.0 Ice Magic


You had one spell level left.
You knew the following spells:

 Your Spells              Type           Power      Damage    Failure   Level
a - Freeze                Ice            100%       1d11      1%          1
b - Frozen Ramparts       Ice            100%       1d16      1%          3
c - Ozocubu's Armour      Ice            71%        N/A       1%          3
d - Hailstorm             Conj/Ice       62%        3d13      1%          4
e - Call Canine Familiar  Summ           75%        N/A       1%          3
f - Summon Guardian Gole  Hex/Summ       52%        N/A       1%          3
g - Summon Cactus Giant   Summ           37%        N/A       3%          6
h - Summon Hydra          Summ           37%        N/A       21%         7

Your spell library contained the following spells:

 Spells                   Type           Power      Damage    Failure   Level
 Foxfire                  Conj/Fire      100%       2x1d9     1%          1
 Summon Small Mammal      Summ           100%       N/A       1%          1
 Slow                     Hex            60%        N/A       3%          1
 Sting                    Tmut/Pois      60%        1d6       3%          1
 Static Discharge         Conj/Air       68%        2-5/arc   1%          2
 Poisonous Vapours        Pois/Air       30%        N/A       5%          2
 Confusing Touch          Hex            15%        N/A       11%         3
 Gell's Gravitas          Tloc           15%        N/A       11%         3
 Inner Flame              Hex/Fire       15%        N/A       11%         3
 Kindle Blastsparks       Fire/Tloc/Air  30%        2d12      11%         3
 Lesser Beckoning         Tloc           15%        N/A       11%         3
 Teleport Other           Tloc           15%        N/A       11%         3
 Vampiric Draining        Necr           15%        2d7       11%         3
 Flame Wave               Conj/Fire      34%        2d10      11%         4
 Arcjolt                  Conj/Air       17%        1d27      26%         5
 Lightning Bolt           Conj/Air       17%        1d31      26%         5
 Cause Fear               Hex            7%         N/A       32%         4
 Olgreb's Toxic Radiance  Pois           15%        N/A       32%         4
 Discord                  Hex            7%         N/A       100%        8
 Maxwell's Capacitive Co  Air            7%         ∞         100%        8


Dungeon Overview and Level Annotations

Branches:
Dungeon (12/15)            Temple (1/1) D:5            Lair (0/5) D:11
    Orc (0/2) D:11          Sewer (visited)          Bailey (visited)

Altars:
Ashenzari
Cheibriados
Dithmenos
Elyvilon
Fedhas
Gozag
Hepliaklqana
Kikubaaqudgha
Makhleb
Nemelex Xobeh
Okawaru
Qazlal
Ru
Sif Muna
Trog
Uskayaw
Vehumet
Wu Jian
Xom
Yredelemnul
Zin
The Shining One

Shops:
D:2 (=[[   D:6 (


Innate Abilities, Weirdness & Mutations

You are very nimble when in or above water. (Stealth+, EV+, Speed+++)
Your lower body shifts to a powerful aquatic tail in water.


Message History

Unknown command.
The frozen ramparts melt away.
You are no longer berserk.
You are exhausted.
You feel yourself slow down.
A killer bee comes into view.
The meliai completely misses you. x2
Unknown command.
Unknown command.
You miss the meliai.
The killer bee is no longer distracted by gold.
The meliai is no longer distracted by gold.
The meliai calls down the wrath of its god upon you.
Something smites you!
* * * LOW HITPOINT WARNING * * *
The meliai completely misses you.
The meliai stings you but does no damage.
A slime creature comes into view.
The meliai barely misses you. The meliai misses you.
The killer bee is distracted by your dazzling golden aura.
The killer bee stings you but does no damage.
A queen bee comes into view.
The killer bee buzzes angrily. x2
The meliai attacks as you move away! The meliai hits you with a +0 war axe!
* * * LOW HITPOINT WARNING * * *
The meliai stings you.
* * * LOW HITPOINT WARNING * * *
The killer bee attacks as you move away!
The killer bee stings you but does no damage.
You hear an angry buzzing noise.
The meliai buzzes angrily.
You hear an angry buzzing noise.
The killer bee stings you.
* * * LOW HITPOINT WARNING * * *
Unknown command.
You feel better. The killer bee barely misses you.
The meliai hits you with a +0 war axe.
* * * LOW HITPOINT WARNING * * *
The meliai stings you!
You die...
Your body crumbles into a pile of gold.

.....# .....# ##≈≈ ≈~≈~≈≈
....##########~≈# ≈≈~≈~≈
#.............≈~##≈≈≈~≈.
#............≈≈~~≈≈≈≈≈..
#.............≈≈≈~y≈≈≈P...
##.....#..#..P≈≈≈≈T≈≈≈y...
....#....#....≈≈≈≈≈~~≈≈.#.
#..#.##.#....≈≈≈@y# ~≈....
##.....#..#...≈≈yy##≈~≈...
$
..#.#.#.#....h≈≈≈$yy≈≈..y.
#....#..#.....≈≈≈≈Q≈≈≈≈J..
.#..#.#..#...≈≈≈≈≈≈≈≈≈....
##.#....#.....≈≈≈≈≈≈≈≈P..#
..#...#......~########....
##.##..#..#....# ~(#.
###.##.######## ##


You could see a troll, a meliai (ally target), a tengu shaped shifter, 6 killer
bees and a friendly warg (summoned).

Vanquished Creatures
  A meliai (D:12)
  A hornet (shapeshifter) (D:9)
  8 yaks
  2 wyverns
  2 water moccasins
  5 orc warriors
  3 ice beasts
  A sky beast (D:6)
  An ogre (D:4)
  2 centaurs
  4 phantoms
  4 kobold brigands
  A gnoll sergeant (D:11)
  2 bullfrogs
  3 necrophages
  A scorpion (D:5)
  3 wights (D:7)
  21 killer bees
  3 howler monkeys
  A hound (D:5)
  6 orc priests
  A gnoll bouda (D:7)
  Jessica (D:3)
  2 iguanas
  Natasha (thrice) (D:4)
  6 orc wizards
  A mummy (D:5)
  Robin (D:4)
  17 gnolls
  9 adders
  A river rat (Sewer)
  A shadow imp (D:6)
  9 worms
  4 dart slugs
  42 orcs
  5 endoplasms
  4 giant cockroaches
  6 hobgoblins
  2 jackals (D:4)
  3 quokkas
  6 ball pythons
  7 bats
  6 frilled lizards
  17 goblins
  3 hobgoblin zombies (D:5)
  20 kobolds
  A kobold zombie (D:5)
  5 rats
258 creatures vanquished.

Vanquished Creatures (collateral kills)
  An orc warlord (Bailey)
  Harold (D:11)
  A centaur warrior (D:9)
  A catoblepas (D:9)
  A boulder beetle (D:12)
  2 two-headed ogres
  A tengu warrior (D:9)
  2 skeletal warriors (D:12)
  A lindwurm (shapeshifter) (D:9)
  3 orc knights (Bailey)
  3 ugly things
  A manticore (D:9)
  A gargoyle (D:9)
  A kobold demonologist (D:12)
  A troll (shapeshifter) (D:9)
  4 trolls
  10 slime creatures
  4 yaks
  7 wraiths
  2 wyverns (D:9)
  2 steam dragons
  A vampire mosquito (D:11)
  2 acid dragons
  8 orc warriors
  2 black bears (D:8)
  2 sky beasts (D:8)
  2 centaurs (D:9)
  A bullfrog (D:9)
  2 gnoll sergeants
  2 wights (D:8)
  2 killer bees
  A nameless horror (Bailey)
  7 howler monkeys
  4 orc priests
  An iguana (D:6)
  3 orc wizards
  15 gnolls
  A howler monkey simulacrum (D:9)
  17 orcs
  13 goblins
  9 hobgoblins
  6 kobolds
151 creatures vanquished.

Vanquished Creatures (others)
  A slime creature (D:12)
  Josephine (D:11)
  A two-headed ogre (D:8)
  A skeletal warrior (D:12)
  2 deep elf pyromancers (D:12)
  An ugly thing (D:8)
  A manticore (D:11)
  A cyclops (D:12)
  A troll (D:11)
  2 wraiths (D:11)
  A yak (D:8)
  4 wights
  A plant (D:12)
18 creatures vanquished.

Grand Total: 427 creatures vanquished

Notes
Turn   | Place    | Note
-------+----------+-------------------------------------------
     0 | D:1      | Turgor the Merfolk Ice Elementalist began the quest for the
                  | Orb.
     0 | D:1      | Reached XP level 1. HP: 13/13 MP: 3/3
   339 | D:1      | Reached XP level 2. HP: 19/19 MP: 1/5
   495 | D:2      | Found Cuostradea's Antique Weapon Shop.
   749 | D:2      | Found Hayh Baq's Jewellery Shoppe.
   879 | D:2      | Reached XP level 3. HP: 24/24 MP: 4/6
   920 | D:2      | Found Fafoet's Armour Shoppe.
   988 | D:2      | Reached skill level 5 in Ice Magic
   994 | D:2      | Learned a level 3 spell: Frozen Ramparts
   998 | D:2      | Learned a level 3 spell: Ozocubu's Armour
  1245 | D:1      | Reached XP level 4. HP: 29/30 MP: 1/8
  1613 | D:2      | Found Yshref Jexzo's Antique Armour Shop.
  1954 | D:3      | Noticed Jessica
  1960 | D:3      | Killed Jessica
  2251 | D:3      | Found a glowing drain.
  2277 | D:3      | Reached XP level 5. HP: 30/35 MP: 3/10
  2550 | Sewer    | Entered a sewer
  2946 | Sewer    | Noticed a kobold brigand
  2959 | Sewer    | Killed a kobold brigand
  3104 | Sewer    | Noticed a kobold brigand
  3112 | Sewer    | Killed a kobold brigand
  3113 | Sewer    | Reached XP level 6. HP: 34/41 MP: 8/12
  3120 | Sewer    | Learned a level 4 spell: Hailstorm
  3417 | D:3      | Got the Spellbook of Adjuration
  3657 | D:3      | Reached skill level 1 in Fighting
  4020 | D:4      | Noticed Natasha
  4028 | D:4      | Killed Natasha
  4032 | D:4      | Reached XP level 7. HP: 41/50 MP: 6/14
  4040 | D:4      | Learned a level 3 spell: Call Canine Familiar
  4221 | D:4      | Noticed Natasha
  4230 | D:4      | Killed Natasha
  4311 | D:4      | Noticed Robin
  4319 | D:4      | Killed Robin
  4325 | D:4      | Reached skill level 1 in Summonings
  4726 | D:4      | Found a white marble altar of Elyvilon.
  4770 | D:4      | Noticed Natasha
  4779 | D:4      | Killed Natasha
  5007 | D:4      | Reached skill level 5 in Spellcasting
  5136 | D:4      | Reached skill level 2 in Summonings
  5302 | D:4      | Upgraded the game from 0.29.1-debian-1-gc3f1650bb9 to
                  | 0.30-a0-137-gd8773701ce
  5328 | D:5      | Entered Level 5 of the Dungeon
  5448 | D:5      | Reached XP level 8. HP: 44/58 MP: 9/15
  5587 | D:5      | Found a staircase to the Ecumenical Temple.
  5599 | Temple   | Entered the Ecumenical Temple
  5786 | Temple   | Became a worshipper of Gozag Ym Sagoz the Greedy
  5850 | D:5      | Reached skill level 3 in Summonings
  6329 | D:5      | Reached skill level 1 in Conjurations
  6919 | D:6      | Reached skill level 4 in Summonings
  7183 | D:6      | Identified the +8 rapier "Grim Tooth" {freeze, *Rage MP+9
                  | Int+6}
  7413 | D:6      | Noticed a wyvern
  7423 | D:6      | Killed a wyvern
  7550 | D:6      | Reached XP level 9. HP: 65/65 MP: 9/17
  7759 | D:6      | Learned a level 3 spell: Summon Guardian Golem
  7775 | D:6      | Found a glowing silver altar of Zin.
  7776 | D:6      | Noticed an angel
  7821 | D:6      | Reached skill level 5 in Summonings
  8208 | D:6      | Found Goff's Weapon Shop.
  8636 | D:7      | Found a glowing golden altar of the Shining One.
  8647 | D:7      | Found a shimmering altar of Xom.
  8647 | D:7      | Found a sparkling altar of Nemelex Xobeh.
  8649 | D:7      | Found a burning altar of Makhleb.
  8649 | D:7      | Found a sacrificial altar of Ru.
  8649 | D:7      | Found a sparkling altar of Nemelex Xobeh.
  9196 | D:7      | Reached skill level 5 in Fighting
  9196 | D:7      | Reached skill level 6 in Summonings
  9306 | D:2      | Bought the ring of the Mage {Wiz Archmagi} for 663 gold
                  | pieces
  9306 | D:2      | Found the ring of the Mage {Wiz Archmagi}
  9556 | D:7      | Reached XP level 10. HP: 27/74 MP: 19/19
  9563 | D:7      | Reached skill level 7 in Summonings
 10639 | D:8      | Found a burning altar of Makhleb.
 10668 | D:8      | Noticed a two-headed ogre
 10677 | D:8      | Killed a two-headed ogre
 10933 | D:8      | Identified the +7 sling of the Chain {freeze, rF+ rN+}
 10943 | D:8      | Reached skill level 8 in Summonings
 11197 | D:8      | Noticed a white ugly thing
 11210 | D:8      | Killed a white ugly thing
 11737 | D:8      | Noticed a two-headed ogre
 11741 | D:8      | Killed a two-headed ogre
 11742 | D:8      | Reached XP level 11. HP: 83/83 MP: 22/22
 11807 | D:8      | Found a bloodstained altar of Trog.
 11961 | D:8      | Identified the +2 hand axe of Compulsion {pain, *Rage
                  | +Blink Fly Dex+2}
 11996 | D:8      | Learned a level 6 spell: Summon Cactus Giant
 12170 | D:9      | Found a flagged portal.
 12208 | Bailey   | Entered a bailey
 12531 | Bailey   | Reached skill level 9 in Summonings
 12869 | Bailey   | Noticed an orc knight
 12869 | Bailey   | Noticed an orc warlord
 12869 | Bailey   | Noticed an orc knight
 12873 | Bailey   | Noticed an orc knight
 12905 | Bailey   | Killed an orc warlord
 12906 | Bailey   | Reached skill level 5 in Conjurations
 12906 | Bailey   | Reached skill level 10 in Ice Magic
 12906 | Bailey   | Killed an orc knight
 12909 | Bailey   | Killed an orc knight
 13035 | Bailey   | Killed an orc knight
 13193 | D:9      | Noticed a manticore
 13207 | D:9      | Killed a manticore
 13211 | D:9      | Reached skill level 10 in Summonings
 13227 | D:9      | Noticed a salamander
 13237 | D:9      | a salamander changed into a lindwurm
 13237 | D:9      | Noticed a lindwurm (shapeshifter)
 13242 | D:9      | Killed a lindwurm
 13536 | D:9      | Reached XP level 12. HP: 66/92 MP: 19/24
 14082 | D:9      | Noticed a catoblepas
 14118 | D:9      | Noticed a centaur warrior
 14151 | D:9      | Identified the +12 gold dragon scales of Ehudwomu {rPois
                  | rF+ rC+ rCorr Str+4 Dex+2}
 14151 | D:9      | Identified the ring "Voimenk" {Str+2 Int+6}
 14151 | D:9      | Noticed a tengu warrior
 14167 | D:9      | Killed a tengu warrior
 14357 | D:9      | Killed a centaur warrior
 14475 | D:9      | Identified the ring of Reimbursement {rPois Int+4}
 14549 | D:9      | Killed a catoblepas
 14550 | D:9      | Reached skill level 11 in Summonings
 14929 | D:9      | Found a sparkling altar of Nemelex Xobeh.
 14952 | D:10     | Entered Level 10 of the Dungeon
 15647 | D:10     | Found a broken altar of Ashenzari.
 15987 | D:10     | Reached skill level 1 in Polearms
 16077 | D:11     | Noticed Harold
 16082 | D:11     | Killed Harold
 16337 | D:11     | Reached skill level 1 in Armour
 16503 | D:11     | Found a staircase to the Lair.
 16565 | D:11     | Noticed Josephine
 16579 | D:11     | Killed Josephine
 16832 | D:11     | Found a staircase to the Orcish Mines.
 17443 | D:12     | Noticed a two-headed ogre
 17450 | D:12     | Killed a two-headed ogre
 17507 | D:12     | Reached XP level 13. HP: 101/101 MP: 26/26
 17520 | D:12     | Reached skill level 12 in Summonings
 17751 | D:12     | Reached skill level 5 in Polearms
 18205 | D:12     | Learned a level 7 spell: Summon Hydra
 18421 | D:12     | Reached skill level 10 in Fighting
 18682 | D:12     | HP: 4/103 [meliai/+0 war axe (4)]
 18683 | D:12     | Slain by a meliai

Illustrated notes

Levels and vault maps discovered:
D:1:      wander_arrival_peaceful_grave, layout_basic,
          dreamdust_princess_corridor, minmay_misc_feat_nine_boxes
D:2:      layout_basic, serial_shops, shop, shop, shop, shop_fountains
D:3:      layout_basic, cheibrodos_sewer_entry_bend, serial_co_window_serial,
          co_window_corner_a, co_window_paths_a, co_window_paths_a,
          co_window_paths_a, co_window_of_opportunity_a, co_window_paths_a,
          co_window_paths_b, co_window_cross_2, co_window_of_opportunity_b,
          co_window_of_opportunity_c, co_window_broadway_c, glass_columns_a,
          glass_columns_b, glass_columns_a, uniq_jessica
D:4:      layout_basic, mainiacjoe_overflow_24_doors, uniq_natasha, uniq_robin
D:5:      layout_loops_cross, minmay_temple_entry_poolview, nrook_mini_vaults,
          minmay_mini_ossuary
D:6:      layout_cave_pods, zin_angel, serial_shops, shop
D:7:      layout_rooms, doesnt_xom_only_xom
D:8:      minmay_opposing_rooms, layout_rooms, trog_hazing_becter,
          kennysheep_mini_moat, chequers_decorated_corner
D:9:      minmay_the_grid_triangle_9x9_recursive_2
          [minmay_the_grid_triangle_9x9_prize_insulated,
          minmay_the_grid_triangle_9x9_zippers_horizontal,
          minmay_the_grid_triangle_9x9_steps,
          minmay_the_grid_triangle_9x9_sprig], layout_loops_ring,
          mainiacjoe_overflow_alcove_1, enter_bailey_7, minmay_diamond_spiral
D:10:     layout_stronghold, nicolae_ashenzari_panopticon
D:11:     kennysheep_six_static_rooms, layout_basic, uniq_josephine, uniq_harold
D:12:     regret_index_harrowing_hell_hive, layout_cave_pods,
          gammafunk_ghost_grave, due_unseen_surprise
Temple:   bh_familiar_temple

Skill      XL: |  1  2  3  4  5  6  7  8  9 10 11 12 13 |
---------------+----------------------------------------+-----
Ice Magic      | 5 6 7 8 9 10 11 | 11.0
Spellcasting   | 3 4 5 6 7 8 9 |  9.6
Fighting       | 2 3 4 5 6 8 9 10 | 10.1
Summonings     | 2 4 6 8 10 11 12 | 12.2
Conjurations   | 2 3 4 5 6 |  6.0
Polearms       | 4 6 |  6.0
Armour         | 2 3 |  3.3
Dodging        | |  2.6
Stealth        | |  2.1

Action                   |  1- 3 |  4- 6 |  7- 9 | 10-12 | 13-15 || total
-------------------------+-------+-------+-------+-------+-------++-------
Melee: Spear             |    16 |    50 |     1 |       |       ||    67
       Dagger            |     1 |       |    78 |       |       ||    79
       Trident           |       |       |    50 |       |    13 ||    63
       Rapier            |       |       |    67 |   100 |     4 ||   171
       Tailslap          |       |       |       |       |     1 ||     1
 Fire: Sling             |       |       |       |     2 |       ||     2
Throw: Stone             |     9 |     5 |       |       |       ||    14
       Dart              |       |    12 |    39 |    28 |     6 ||    85
 Cast: Freeze            |    38 |    26 |     1 |       |       ||    65
       Frozen Ramparts   |     2 |    20 |    49 |    13 |     3 ||    87
       Ozocubu's Armour  |     1 |     3 |    21 |     8 |     1 ||    34
       Call Canine Famil |       |       |    17 |    40 |    11 ||    68
       Summon Guardian G |       |       |     2 |    37 |    10 ||    49
       Summon Cactus Gia |       |       |       |    47 |    10 ||    57
Evoke: Wand              |       |     4 |     2 |     3 |     1 ||    10
       Phantom mirror    |       |       |       |     1 |       ||     1
  Use: Scroll            |       |     6 |       |    15 |     6 ||    27
       Potion            |       |       |     2 |     2 |     2 ||     6
 Stab: Sleeping          |     4 |     6 |     3 |       |       ||    13
       Distracted        |       |       |     1 |     3 |       ||     4
Armor: Robe              |     3 |    10 |    38 |    14 |       ||    65
       Leather armour    |       |       |       |     4 |    12 ||    16
Dodge: Dodged            |    17 |    19 |    78 |    85 |    28 ||   227

Table legend: (Time is in decaauts)
 A = Elapsed time spent in this place.
 B = Non-inter-level travel time spent in this place.
 C = Inter-level travel time spent in this place.
 D = Time resting spent in this place.
 E = Time spent auto-exploring this place.
 F = Levels seen in this place.
 G = Mean time per level.
                   A        B        C        D        E       F      G
               +--------+--------+--------+--------+--------+-----+--------+
         Total |  18874 |  17913 |    961 |   3418 |   9545 |  15 | 1258.3 |
       Dungeon |  17130 |  16211 |    919 |   3055 |   8936 |  12 | 1427.5 |
        Temple |    203 |    161 |     42 |      0 |    155 |   1 |  203.0 |
         Sewer |    602 |    602 |      0 |     10 |    454 |   1 |  602.0 |
        Bailey |    937 |    937 |      0 |    352 |      0 |   1 |  937.0 |
               +--------+--------+--------+--------+--------+-----+--------+

Top non-repeatable levels by time:
     D:6: 2858 daAuts
     D:8: 1998 daAuts
     D:9: 1558 daAuts
     D:3: 1426 daAuts
    D:11: 1414 daAuts
     D:4: 1393 daAuts
     D:5: 1245 daAuts
    D:12: 1235 daAuts
     D:2: 1121 daAuts
    D:10: 1105 daAuts
  Bailey: 937 daAuts
     D:7: 895 daAuts
     D:1: 876 daAuts
   Sewer: 602 daAuts
  Temple: 203 daAuts
